 Dungeon Crawl Stone Soup version 0.27.1-3-gb3d3a73c9e (webtiles) character file.

Game seed: 2960741110472348687

3327 belegose the Charlatan (level 9, -23/74 HPs)
             Began as a Demigod Artificer on Oct 28, 2021.
             Killed from afar by Erica (38 damage)
             ... with a lance of force
             ... on level 8 of the Dungeon.
             The game lasted 00:32:24 (11987 turns).

belegose the Charlatan (Demigod Artificer)         Turns: 11987, Time: 00:32:24

Health: -23/74     AC:  9    Str: 17    XL:     9   Next: 43%
Magic:  5/11       EV: 12    Int: 21    God:
Gold:   32         SH:  0    Dex: 14    Spells: 3/8 levels left

rFire    + . .     SeeInvis .   b - +1 trident (vorpal)
rCold    + . .     Faith    .   (no shield)
rNeg     . . .     Spirit   .   r - +4 ring mail of Wul Fylo {Will+}
rPois    .         Reflect  .   (no helmet)
rElec    +         Harm     +   h - scarf {rC+ rF+}
rCorr    .         Rampage  .   (no gloves)
Will     +....                  (no boots)
Stlth    +.........             c - amulet "Olyxt" {Harm rElec Regen+}
HPRegen  1.22/turn              (no ring)
MPRegen  0.12/turn              (no ring)

@: lethally poisoned (-23 -> -24), very slightly contaminated, studying Ice
Magic
A: high mp 1, forlorn
a: no special abilities


You were on level 8 of the Dungeon.
You visited 2 branches of the dungeon, and saw 9 of its levels.

You collected 359 gold pieces.
You spent 327 gold pieces at shops.

Inventory:

Hand Weapons
 a - a +1 dagger of speed
 b - a +1 vorpal trident (weapon)
 x - a +2 hand axe of electrocution
Missiles
 k - 32 poisoned darts (quivered)
 m - 159 stones
Armour
 h - a scarf of resistance (worn)
 r - the +4 ring mail of Wul Fylo (worn) {Will+}
   (You bought it in a shop on level 6 of the Dungeon)

   Will:      It increases your willpower.
Jewellery
 c - the amulet "Olyxt" (around neck) {Harm rElec Regen+}
   (You acquired it on level 5 of the Dungeon)

   [amulet of regeneration]

   rElec:     It insulates you from electricity.
   Regen:     It increases your rate of health regeneration.
   Harm:      It increases damage dealt and taken.
 p - a ring of ice
Wands
 d - a wand of charming (5)
 v - a wand of flame (19)
Scrolls
 f - 4 scrolls of teleportation
 g - a scroll of immolation {unknown}
 j - 5 scrolls of amnesia {unknown}
 n - a scroll of magic mapping
 q - 2 scrolls of enchant weapon {unknown}
 u - 4 scrolls of blinking
Potions
 i - 2 potions of ambrosia
 l - a potion of haste
 s - a potion of heal wounds
 w - a potion of attraction
Miscellaneous
 e - a piece from Xom's chessboard (15/15)


   Skills:
 + Level 5.2 Fighting
 + Level 4.3 Polearms
 + Level 5.0 Throwing
 - Level 4.0 Armour
 + Level 3.8 Dodging
 - Level 2.0 Stealth
 + Level 3.1 Air Magic
 + Level 3.2 Poison Magic
 + Level 5.9 Evocations


You had 3 spell levels left.
You knew the following spells:

 Your Spells              Type           Power      Damage    Failure   Level
a - Mephitic Cloud        Conj/Pois/Air  8%         N/A       36%         3
b - Poisonous Vapours     Pois/Air       26%        N/A       13%         2

Your spell library contained the following spells:

 Spells                   Type           Power      Damage    Failure   Level
 Corpse Rot               Necr/Air       N/A        N/A       24%         2
 Magic Dart               Conj           0%         1d3       30%         1
 Call Imp                 Summ           0%         N/A       43%         2
 Searing Ray              Conj           0%         3d3       43%         2
 Ignite Poison            Fire/Tmut/Pois 4%         N/A       52%         3
 Call Canine Familiar     Summ           0%         N/A       67%         3
 Gell's Gravitas          Tloc           0%         N/A       67%         3
 Lesser Beckoning         Tloc           0%         N/A       67%         3
 Portal Projectile        Hex/Tloc       0%         N/A       67%         3
 Teleport Other           Tloc           0%         N/A       67%         3
 Fulminant Prism          Conj/Hex       0%         3d6       97%         4
 Leda's Liquefaction      Hex/Erth       0%         N/A       97%         4
 Freezing Cloud           Conj/Ice/Air   2%         6-21      99%         5
 Bolt of Magma            Conj/Fire/Erth 0%         4d4       100%        5


Dungeon Overview and Level Annotations

Branches:
Dungeon (8/15)             Temple (1/1) D:6
   Lair: D:8-11

Shops:
D:6 ?((=[   D:8 =

Annotations:
D:8 Erica


Innate Abilities, Weirdness & Mutations

Your attributes grow dramatically as you level up.
You have an increased reservoir of magic. (+10% MP)
You shall have no god before yourself.


Message History

Aim: Erica, wielding a +0 scimitar of flaming, wearing a +0 robe and carrying a wand of iceblast (5) Poisonous vapours surround Erica!
Erica is poisoned.
Casting: Poisonous Vapours (safe; 13% risk of failure)
Confirm with . or Enter, or press ? or * to list all spells.
Aiming: Poisonous Vapours (safe; 13% risk of failure)
Press: ? - help, Dir - move target, f/p - Erica
Aim: Erica, wielding a +0 scimitar of flaming, wearing a +0 robe and carrying a wand of iceblast (5) (poisoned) Poisonous vapours surround Erica!
Erica looks even sicker.
Casting: Poisonous Vapours (safe; 13% risk of failure)
Confirm with . or Enter, or press ? or * to list all spells.
Aiming: Poisonous Vapours (safe; 13% risk of failure)
Press: ? - help, Dir - move target, f/p - Erica
Aim: Erica, wielding a +0 scimitar of flaming, wearing a +0 robe and carrying a wand of iceblast (5) (very poisoned)
You miscast Poisonous Vapours.
You are very lightly contaminated with residual magic.
Nothing appears to happen.
Erica zaps a wand.
The mass of ice explodes!
The iceblast engulfs you! You partially resist.
Erica points at you and mumbles some strange words.
The bolt of poison hits you!!
You are poisoned.
You hit Erica.
Erica is lightly wounded.
You feel very sick. Erica barely misses you.
You barely miss Erica.
Erica is lightly wounded.
You feel sick.
Erica casts a spell.
Erica flickers and vanishes!
Deactivating autopickup; reactivate with Ctrl-A.
Something hits you!
* * * LOW HITPOINT WARNING * * *
Something burns you.
* * * LOW HITPOINT WARNING * * *
You feel sick.
You hear some strange, mumbled words.
A lance of force appears from out of thin air!
The lance of force hits you!!
Ouch! That really hurt!
You die...

#.#########^# #...
#.#########.## #...
#.......).[..# #.._
####.#########..#
#... .......<.# #..#
#.#. .###.###.# #..#
#.## .# #.# #.# #..#
#.# .#
#.###.#####..########
#.## .#
#............@<.....#
####... .#
############.######.#
##...... .# #{#
#.###.###### .# #.#
#.##.#..≈≈≈. .. #.#
#.#.#..≈...≈ #.#
####..#...≈._.≈ #.#
#.# #......#..≈...≈
#.# #.#
#.#####.#..≈≈≈. #.#
######.###.#
##.######


There were no monsters in sight!

Vanquished Creatures
  A wyvern (D:7)
  Menkaure (D:7)
  A steam dragon (D:7)
  5 water moccasins
  A black bear (D:6)
  3 orc warriors
  An ice beast (D:8)
  3 killer bees (D:7)
  3 ogres (D:4)
  A sky beast (D:8)
  2 centaurs
  A necrophage (D:7)
  A kobold brigand (D:5)
  3 bullfrogs
  2 wyvern skeletons
  A bullfrog zombie (D:6)
  3 centaur zombies
  3 hounds
  3 orc priests
  2 jellies
  A gnoll shaman (D:6)
  2 iguanas
  3 orc wizards
  A killer bee zombie (D:7)
  A hound skeleton (D:5)
  5 gnolls (D:6)
  6 adders
  A shadow imp (D:7)
  2 ufetubi
  A worm (D:2)
  4 dart slugs
  12 orcs
  7 ball pythons
  3 bats (D:1)
  3 endoplasms
  4 giant cockroaches
  5 goblins
  6 hobgoblins
  8 jackals
  11 kobolds
  5 quokkas
  A frilled lizard (D:2)
  6 rats
139 creatures vanquished.

Vanquished Creatures (collateral kills)
  2 killer bees (D:7)
2 creatures vanquished.

Vanquished Creatures (others)
  3 wights (D:7)
  A plant (D:1)
4 creatures vanquished.

Grand Total: 145 creatures vanquished

Notes
Turn   | Place    | Note
-------+----------+-------------------------------------------
     0 | D:1      | belegose the Demigod Artificer began the quest for the Orb.
     0 | D:1      | Reached XP level 1. HP: 15/15 MP: 3/3
    85 | D:1      | Reached skill level 1 in Fighting
    85 | D:1      | Reached skill level 1 in Stealth
   567 | D:1      | Reached XP level 2. HP: 23/23 MP: 4/4
  1348 | D:1      | Reached XP level 3. HP: 23/28 MP: 5/5
  3136 | D:3      | Reached skill level 1 in Throwing
  3305 | D:3      | Reached XP level 4. HP: 20/36 MP: 6/6
  3924 | D:3      | Learned a level 3 spell: Mephitic Cloud
  4219 | D:4      | Noticed an ogre
  4248 | D:4      | Killed an ogre
  4249 | D:4      | Reached XP level 5. HP: 15/42 MP: 7/7
  5965 | D:3      | Reached XP level 6. HP: 11/48 MP: 8/8
  6285 | D:4      | Reached skill level 1 in Polearms
  6792 | D:5      | Entered Level 5 of the Dungeon
  6994 | D:5      | Reached XP level 7. HP: 49/57 MP: 9/9
  8134 | D:6      | Found Ciniov Kutaz's Jewellery Boutique.
  8155 | D:6      | Reached skill level 1 in Dodging
  8761 | D:6      | Found Guakinan's Weapon Emporium.
  8762 | D:6      | Found Igecron's Weapon Shoppe.
  8771 | D:6      | Learned a level 2 spell: Poisonous Vapours
  8849 | D:6      | Found Cogom's Magic Scroll Boutique.
  9124 | D:6      | Reached XP level 8. HP: 45/66 MP: 10/10
  9407 | D:6      | Reached skill level 1 in Air Magic
  9407 | D:6      | Reached skill level 1 in Poison Magic
  9463 | D:5      | Reached skill level 5 in Evocations
  9785 | D:5      | Identified 3 scrolls of acquirement
  9785 | D:5      | Acquired the amulet "Olyxt" {Harm rElec Regen+}
  9793 | D:5      | Acquired a manual of Ice Magic
  9795 | D:5      | Acquired a scarf of resistance
  9928 | D:6      | Bought a scroll of teleportation for 39 gold pieces
  9928 | D:6      | Bought a scroll of magic mapping for 45 gold pieces
 10111 | D:6      | Found Uzyeshron's Antique Armour Boutique.
 10120 | D:6      | Bought an amber-encrusted ring mail for 243 gold pieces
 10120 | D:6      | Identified the +4 ring mail of Wul Fylo {Will+} (You bought
                  | it in a shop on level 6 of the Dungeon)
 10137 | D:6      | Found a staircase to the Ecumenical Temple.
 10147 | Temple   | Entered the Ecumenical Temple
 10836 | D:7      | Reached XP level 9. HP: 63/72 MP: 11/11
 10867 | D:7      | Noticed Menkaure
 10869 | D:7      | Killed Menkaure
 11172 | D:7      | Reached skill level 5 in Fighting
 11723 | D:8      | Found Heydoqid's Jewellery Emporium.
 11750 | D:8      | Reached skill level 5 in Throwing
 11850 | D:8      | Noticed Erica
 11987 | D:8      | Killed from afar by Erica

Illustrated notes

Levels and vault maps discovered:
D:1:      giann_bridges, layout_rooms, dreamdust_ecumenical_altar_statues
D:2:      layout_loops_ring, minivault_11, due_unseen_surprise
D:3:      layout_basic, serial_bayou_pond_e
D:4:      layout_loops_ring
D:5:      layout_basic, corexii_shack
D:6:      layout_basic, temple_doors_e, serial_shops, nicolae_square_shop,
          nicolae_shop_competitors_out_of_business, nicolae_square_shop,
          nicolae_square_shop, nicolae_shop_behind_doors
D:7:      layout_rooms, hex_medium, uniq_menkaure
D:8:      layout_loops_ring, nicolae_ru_awakened_eye, serial_shops,
          nicolae_shop_temple_entry_statues_fountains, kennysheep_mini_moat,
          shop_fountains, nicolae_shop_window_shopping,
          hangedman_feature_mirror, grunt_tough_drop, uniq_erica
Temple:   cyrus_circular_temple

Skill      XL: |  1  2  3  4  5  6  7  8  9 |
---------------+----------------------------+-----
Fighting       | 1 2 3 4 5 |  5.2
Stealth        | 1 2 |  2.0
Armour         | 2 3 4 |  4.0
Evocations     | 3 4 5 |  5.9
Throwing       | 1 2 3 4 5 |  5.0
Polearms       | 1 2 3 4 |  4.3
Dodging        | 1 3 |  3.8
Air Magic      | 2 3 |  3.1
Poison Magic   | 2 3 |  3.2

Action                   |  1- 3 |  4- 6 |  7- 9 || total
-------------------------+-------+-------+-------++-------
Melee: Club              |    53 |       |       ||    53
       Dagger            |   172 |    21 |       ||   193
       Mace              |    26 |    21 |       ||    47
       Trident           |       |    89 |   270 ||   359
Throw: Dart              |     7 |     8 |    95 ||   110
       Stone             |       |     7 |     5 ||    12
 Cast: Poisonous Vapours |       |       |    14 ||    14
Evoke: Wand              |       |     3 |    21 ||    24
  Use: Scroll            |       |       |     9 ||     9
       Potion            |       |       |     2 ||     2
 Stab: Distracted        |       |     1 |       ||     1
Armor: Leather armour    |    13 |       |       ||    13
       Ring mail         |   102 |    40 |   138 ||   280
Dodge: Dodged            |   129 |    63 |   226 ||   418
